[Event "27th OIBM 2024"]
[Site "Gmund am Tegernsee"]
[Date "2024.10.26"]
[Round "1.10"]
[White "Heberla, Bartlomiej"]
[Black "Ciak, Rene"]
[Result "1-0"]
[ECO "D85"]
[WhiteElo "2501"]
[BlackElo "2097"]
[Annotator "TA"]
[PlyCount "33"]
[EventDate "2024.09.16"]
[EventType "swiss"]
[EventCountry "GER"]
[SourceTitle "playchess.com"]
[Source "ChessBase"]
[SourceQuality "1"]
[TimeControl "40/5400+30:1800+30"]

1. d4 Nf6 2. c4 g6 3. Nc3 d5 4. cxd5 Nxd5 5. Bd2 Bg7 6. e4 Nxc3 7. Bxc3 c5 8. d5 Bxc3+ 9. bxc3 Qa5 10. Qd2 b5 (10... e6 $14) 11. h4 e6 (11... Nd7 $14) 12. h5 $16 {[%emt 0:01:12] Strongly threatening Nf3.} exd5 13. exd5 O-O 14. Bd3 {[%emt 0:02:58] And now Kf1 would win.} Nd7 15. Nf3 {[%emt 0:00:34] [#] Prevents Ne5. Hoping for hxg6.} Re8+ $2 (15... c4 $14 16. Bc2 Nf6) 16. Kf1 $18 Ne5 $2 (16... Nf8 17. hxg6 hxg6) 17. Re1 {[%emt 0:01:09] Weighted Error Value: White=0.16 (very precise) /Black=0.70.  Loses game:     	---       	Black=1      Mistake:       	---       	Black=3      Inaccurate:     	White=3     	Black=1      OK:         	White=4     	---        Best:        	White=1     	Black=2} 1-0

[Event "27th OIBM 2024"]
[Site "Gmund am Tegernsee"]
[Date "2024.10.26"]
[Round "1.11"]
[White "Kaiser, Elmar"]
[Black "Naumann, Alexander"]
[Result "1/2-1/2"]
[ECO "C70"]
[WhiteElo "2094"]
[BlackElo "2487"]
[Annotator "TA"]
[PlyCount "129"]
[EventDate "2024.09.16"]
[EventType "swiss"]
[EventCountry "GER"]
[SourceTitle "playchess.com"]
[Source "ChessBase"]
[SourceQuality "1"]
[TimeControl "40/5400+30:1800+30"]

1. e4 e5 2. Nf3 Nc6 3. Bb5 a6 4. Ba4 Bc5 5. O-O Nge7 6. Nxe5 {[%emt 0:06:13] C70: Ruy Lopez: 3...a6 4 Ba4, Norwegian and Delayed Schliemann.} Nxe5 7. d4 b5 8. Bb3 Bxd4 9. Qxd4 d6 10. c3 c5 {[%emt 0:04:40] 10...0-0 is the hot move.} 11. Qe3 O-O 12. Qg3 c4 13. Bc2 f5 14. Bg5 Qe8 15. Nd2 N7g6 16. exf5 $146 ({Predecessor:} 16. f4 Nd3 17. Bxd3 cxd3 18. Rae1 Qc6 19. h4 fxe4 20. h5 d5 21. hxg6 Qxg6 22. Nb3 {1-0 McShane,L (2674)-Matlakov,M (2688) EU-Cup Online Play-C rapid 2021 (2.3)}) 16... Bxf5 17. Bxf5 Rxf5 18. a4 Nd3 19. Be3 Ngf4 20. Bxf4 Rxf4 21. Nf3 Qe4 (21... bxa4 22. Ne1 Qe4 23. Nxd3 cxd3 24. Rae1 $11) (21... Rf6 $1 $15 22. Qg4 d5 (22... Nxb2 23. Rfe1 $11)) 22. axb5 $11 Raf8 23. h3 (23. Rxa6 $2 Rg4 24. Nd2 (24. Qxd6 Rxg2+ 25. Kh1 Rg6) 24... Qg6 25. Rxd6 (25. Qxd6 $2 Rxg2+ 26. Kh1 Rg1+ 27. Rxg1 Nxf2#) (25. Qh3 $2 Nf4 $19) 25... Rxg3 26. Rxg6 Rxg6 27. Nxc4 Rg5 $19) (23. Nd2 $14 {is more appropriate.} Qe2 24. bxa6 Qxd2 25. a7) 23... R4f6 $11 (23... Nxb2 $2 24. bxa6 Nd3 25. Rfb1 $18) 24. bxa6 Rg6 $1 25. Ng5 Qd5 (25... Qc6 $1 $11 {keeps the balance.}) 26. f4 $16 h6 {[%emt 0:00:42] [#]} 27. Qf3 $1 (27. a7 hxg5 28. b3 Nxf4 (28... gxf4 $2 29. Qxg6 Ne5 30. Qb1 $18) 29. Rxf4 gxf4 $16) 27... Qc5+ (27... Nxf4 28. Qxd5+ Nxd5 29. Rxf8+ Kxf8 30. a7 $18) 28. Kh1 d5 $2 (28... hxg5 $16 {is tougher.} 29. a7 g4 (29... Rxf4 $2 {too greedy.} 30. a8=Q+ Kh7 31. Qh5+ Rh6 32. Qhe8 $18)) 29. a7 Qc6 30. f5 Rxg5 (30... hxg5 $2 {perishes.} 31. fxg6 Nf4 32. g3 $18) 31. h4 Ne5 32. Qe2 Rg4 33. Qxe5 Rxh4+ 34. Kg1 Re4 $2 (34... Qc5+ 35. Rf2 Re4) 35. Qg3 $18 Ra8 36. f6 Qb6+ 37. Qf2 $2 (37. Rf2 $18 {[%csl Gf6][%cal Rg3g7] has better winning chances.} g5 38. f7+ Kg7 39. Kh2) 37... Qxf2+ 38. Rxf2 gxf6 (38... Re6 $16 39. Rf5 Rd6 40. f7+ Kf8) 39. Rxf6 $18 Re7 40. Rxh6 (40. Rfa6 $18 {and White stays clearly on top.}) 40... Rexa7 41. Rxa7 Rxa7 {[%emt 0:30:01] [#]} 42. Rb6 (42. Rf6 $1 $16) 42... d4 $11 43. cxd4 Rd7 44. Rg6+ Kf7 45. Rg4 Ke6 $1 46. Rf4 Kd5 47. g4 Rb7 48. Rf2 Rg7 49. Rg2 Kxd4 50. Kf2 Ke5 51. Kf3 Rc7 (51... Rb7 $16 52. Re2+ Kf6) 52. g5 $2 (52. Re2+ $18 Kf6 53. Rc2) 52... c3 $11 53. bxc3 Kf5 $1 54. Rc2 Kxg5 55. Ke4 Kf6 $1 56. Kd5 Ke7 57. c4 Kd8 58. c5 Kc8 59. c6 Rh7 60. Ra2 Rh1 61. Ra8+ Kc7 62. Ra7+ Kc8 63. Ra8+ Kc7 64. Ra7+ Kc8 65. Ra8+ 1/2-1/2

[Event "27th OIBM 2024"]
[Site "Gmund am Tegernsee"]
[Date "2024.10.26"]
[Round "1.12"]
[White "Deuer, Marius"]
[Black "Bossinger, Patrick"]
[Result "1-0"]
[ECO "A58"]
[WhiteElo "2477"]
[BlackElo "2093"]
[Annotator "TA"]
[PlyCount "105"]
[EventDate "2024.09.16"]
[EventType "swiss"]
[EventCountry "GER"]
[SourceTitle "playchess.com"]
[Source "ChessBase"]
[SourceQuality "1"]
[TimeControl "40/5400+30:1800+30"]

1. d4 Nf6 2. c4 c5 3. d5 b5 4. cxb5 a6 5. bxa6 g6 6. Nc3 Bg7 7. Nf3 O-O 8. g3 {[%emt 0:00:33] White is slightly better.} e6 9. Bg2 Rxa6 10. O-O Bb7 11. e4 exd5 12. exd5 d6 {[%emt 0:00:59] Dodges Ne5} 13. Nd2 Nbd7 14. Nde4 Nxe4 15. Nxe4 Qa8 16. Nc3 Re8 {[%emt 0:06:25][%mdl 1024] Black has compensation.} 17. Bf4 Rb6 18. Qd2 Ne5 19. b3 {[%emt 0:00:13] Repels Nc4} Qa5 20. Na4 Qxd2 21. Bxd2 Ra6 22. Rfe1 {[%emt 0:03:12] Threatens to win with f4.} Kf8 23. Bc3 {[%emt 0:00:41] Black must now prevent f4.} Rea8 {[%emt 0:00:00] White stays focused until the end.} 24. Rad1 Rxa4 (24... Bc8 $16) 25. bxa4 $18 Nf3+ 26. Bxf3 Bxc3 27. Re3 Ba5 (27... Bd4 {is a better defense.}) 28. Be2 Ba6 29. Bxa6 Rxa6 {[%emt 0:00:00][%mdl 4096] Endgame. KRR-KRB} 30. Rb1 {[%emt 0:00:03] Rb7 would now be deadly.} c4 31. Re4 c3 32. Rc4 Ra7 33. Kf1 Ke7 34. Ke2 Kf6 35. Kd3 Ke5 36. Rb5 g5 37. Rc8 Kf5 38. Rc6 Ke5 39. f3 h5 {[%emt 0:00:37] [#]} 40. f4+ $1 gxf4 41. gxf4+ Kxf4 42. Rxd6 f5 43. Re6 Bd8 44. Kxc3 Rxa4 45. Rb4+ Rxb4 {[%emt 0:00:09] White mates.} 46. Kxb4 {[%emt 0:00:05] KR-KB} Kf3 47. a4 f4 48. a5 Kg2 49. a6 f3 50. a7 f2 51. Re2 (51. a8=B $2 {loses.} f1=Q (51... f1=R 52. Re2+ Rf2 53. d6+ Kg1 54. Rxf2 $16) 52. d6+ Kxh2 $19) 51... Kf3 {[%emt 0:00:30] [#]} 52. Rxf2+ $3 Kxf2 53. a8=Q {[%emt 0:00:05] Weighted Error Value: White=0.05 (flawless) /Black=0.20 (precise) .  Mistake:       	---       	Black=2      Inaccurate:     	White=2     	Black=5      OK:         	White=17    	Black=16     Best:        	White=1     	Black=3} ({Worse is} 53. a8=B Be7+ 54. Kc3 Bd6 $11) 1-0

[Event "27th OIBM 2024"]
[Site "Gmund am Tegernsee"]
[Date "2024.10.26"]
[Round "1.13"]
[White "Isbilir, Levin"]
[Black "Costa, Leonardo"]
[Result "0-1"]
[ECO "D41"]
[WhiteElo "2092"]
[BlackElo "2472"]
[Annotator "TA"]
[PlyCount "94"]
[EventDate "2024.09.16"]
[EventType "swiss"]
[EventCountry "GER"]
[SourceTitle "playchess.com"]
[Source "ChessBase"]
[SourceQuality "1"]
[TimeControl "40/5400+30:1800+30"]

1. e4 c6 2. c4 d5 3. cxd5 cxd5 4. exd5 Nf6 5. Nc3 Nxd5 6. Bc4 e6 7. Nf3 Nc6 8. O-O Be7 9. d4 O-O 10. Qe2 Bf6 11. Rd1 b6 12. Ne5 Nxc3 {[%emt 0:17:42] The position is equal.} 13. bxc3 Bb7 {[%emt 0:00:08] [#]} 14. Nxf7 Rxf7 $15 15. Qxe6 Qe7 16. Qxf7+ ({Better is} 16. Bf4 $15) 16... Qxf7 $17 17. Bxf7+ Kxf7 18. Bf4 Rc8 {[%emt 0:02:44][%mdl 1024] Black has strong compensation.} 19. Rac1 g5 20. Bg3 h5 21. h3 h4 22. Bh2 Na5 23. f4 {[%emt 0:06:52] [#]} Rg8 {[%emt 0:12:47] Black has more active pieces.} ({Black should try} 23... Kg6 $1 $17 24. d5 Nc4 (24... Bxc3 25. d6 $11) (24... Rxc3 25. Rxc3 Bxc3 26. d6 $14)) 24. fxg5 $15 Rxg5 25. Rc2 Nc4 26. Bf4 {[%emt 0:00:29] Repels Ne3} Rg6 27. Rf2 Ke6 28. Re1+ (28. Re2+ $15 Kd7 29. d5) 28... Kd7 $17 29. Be5 {[%emt 0:00:46] Now White is beyond hope.} (29. Rd1 $17) 29... Nxe5 $19 30. dxe5 Be7 {[%emt 0:00:03] This pair of bishops is nice.} 31. e6+ Rxe6 32. Rxe6 Kxe6 33. Re2+ Kd7 34. Rd2+ (34. Kf2 $142) 34... Kc6 35. Kf2 Bd6 {[%emt 0:01:35] ...Kc5 is the strong threat.} 36. Kf3 (36. Ke3 $142) 36... Kc5+ 37. Kg4 (37. Ke3 $142) 37... Bg3 {[%emt 0:00:04] aiming for ...b5. Black is clearly winning.} 38. Kg5 b5 39. Rd7 Kb6 40. Rd2 a5 41. Rb2 Kc5 42. a4 Bc6 43. axb5 Bxb5 44. Kf5 Bc6 45. Ra2 a4 46. Ra3 Kb5 47. Kg4 Bxg2 {[%emt 0:00:28] Weighted Error Value: White=0.56/Black=0.06 (flawless) .  Mistake:       	White=7     	Black=1      Inaccurate:     	White=2     	Black=1      OK:         	White=8     	Black=10     Best:        	White=1     	Black=2} 0-1

[Event "27th OIBM 2024"]
[Site "Gmund am Tegernsee"]
[Date "2024.10.26"]
[Round "1.14"]
[White "Schneider, Ilja"]
[Black "Martin Fernandez, Rodrigo"]
[Result "1-0"]
[ECO "B23"]
[WhiteElo "2449"]
[BlackElo "2092"]
[Annotator "TA"]
[PlyCount "87"]
[EventDate "2024.09.16"]
[EventType "swiss"]
[EventCountry "GER"]
[SourceTitle "playchess.com"]
[Source "ChessBase"]
[SourceQuality "1"]
[TimeControl "40/5400+30:1800+30"]

1. e4 c5 2. Nc3 Nc6 3. Bb5 Nd4 4. Nf3 Nxb5 5. Nxb5 d6 6. d4 cxd4 7. Qxd4 Bd7 8. Nc3 (8. Nxa7 $2 {too greedy.} Qa5+ 9. b4 Qxa7 $19) 8... Bc6 {[%emt 0:06:10] White has an edge.} 9. O-O e5 10. Qd3 h6 11. Rd1 {[%emt 0:11:58] White is more active.} Nf6 12. b3 Be7 13. a4 Qd7 14. Ba3 Rd8 15. Qe3 {[%emt 0:11:18] Nxe5 is the strong threat.} Qe6 16. Rd3 ({Much worse is} 16. Qxa7 Nxe4 17. Nxe4 Bxe4 $17) 16... O-O 17. Rad1 a6 18. h3 (18. Nd5 {should be considered.} Bxd5 19. exd5) 18... Rfe8 19. Nd5 (19. Qe2 $11) 19... Bxd5 $15 20. exd5 Qd7 21. Nd2 Nh5 {[%emt 0:01:54] Strongly threatening ...Nf4.} 22. Nc4 (22. Rc3 $11 {keeps the balance.}) 22... Nf4 23. Rc3 $1 Qf5 24. Kh1 (24. Qe1 $11 {is more appropriate.}) 24... Qg6 25. Qg3 ({White has to play} 25. Qf3 $1 $15) 25... Qxg3 $2 (25... Bg5 $17 {...Ne2 would now be deadly.} 26. Re1 Nxd5) 26. Rxg3 $11 b5 27. Na5 Rc8 28. c4 Ne2 29. Re3 Nd4 {[%emt 0:00:15] aiming for ...Nc2.} 30. Bb2 bxc4 (30... bxa4 $15 31. b4 Rb8 (31... Nc2 32. Re2 $16)) 31. Nxc4 $14 Nf5 32. Rf3 $36 {[%emt 0:00:41][%mdl 2048] White has good play.} g6 33. g4 Nh4 34. Rc3 f5 35. Rdc1 Rb8 36. Ba3 Red8 $2 ({Black should play} 36... Rbd8 $14) 37. Nxe5 $18 {[%emt 0:00:15] Black must now prevent Nc6.} Bg5 {[%emt 0:00:12][%cal Og5c1] [#]} 38. Nc6 $1 Bxc1 39. Bxc1 g5 40. f4 fxg4 41. fxg5 gxh3 (41... h5 $16) 42. Rxh3 Nf5 43. Rf3 Nh4 {[%emt 0:00:56] [#]} (43... Re8 $18) 44. Ne7+ $1 {[%emt 0:00:11] Weighted Error Value: White=0.18 (very precise) /Black=0.47.  Loses game:     	---       	Black=1      Mistake:       	White=5     	Black=4      Inaccurate:     	White=3     	Black=5      OK:         	White=11    	Black=17     Best:        	---       	Black=2      Strong:       	White=3     	---} 1-0

[Event "27th OIBM 2024"]
[Site "Gmund am Tegernsee"]
[Date "2024.10.26"]
[Round "1.15"]
[White "Kottmair, Toni"]
[Black "Baenziger, Fabian"]
[Result "1/2-1/2"]
[ECO "D47"]
[WhiteElo "2090"]
[BlackElo "2434"]
[Annotator "RC"]
[PlyCount "84"]
[EventDate "2024.09.16"]
[EventType "swiss"]
[EventCountry "GER"]
[SourceTitle "playchess.com"]
[Source "ChessBase"]
[SourceQuality "1"]
[TimeControl "40/5400+30:1800+30"]

1. d4 Nf6 2. c4 e6 3. Nf3 d5 4. Nc3 c6 5. e3 Nbd7 6. Bd3 dxc4 7. Bxc4 b5 8. Bd3 Bd6 9. Ne4 Nxe4 10. Bxe4 Bb7 11. O-O O-O 12. b3 Rc8 13. Bb2 Qb6 14. Rc1 Rfd8 15. Qe2 c5 16. Bxb7 Qxb7 17. dxc5 Nxc5 18. Rfd1 Bf8 19. h3 a6 20. Rd4 Ne4 21. Rxc8 Rxc8 22. Qd3 Nc5 23. Qb1 h6 24. Ne5 Qc7 25. Rd1 Bd6 26. Nf3 Rd8 27. Qc2 Bf8 28. Rxd8 Qxd8 29. Bd4 Qd5 30. Kf1 f6 31. Nd2 Kf7 32. Ke2 Bd6 33. Bxc5 Bxc5 34. Qe4 Qd7 35. Qd3 Qc6 36. Qe4 Qb6 37. Qd3 Be7 38. Qc2 Qb7 39. Kf1 Qd5 40. Nf3 f5 41. Ke2 Bc5 42. Qd3 Qxd3+ 1/2-1/2

[Event "27th OIBM 2024"]
[Site "Gmund am Tegernsee"]
[Date "2024.10.26"]
[Round "1.16"]
[White "Heinz, Axel"]
[Black "Weber, Benedikt"]
[Result "1-0"]
[ECO "B11"]
[WhiteElo "2412"]
[BlackElo "2088"]
[Annotator "RC"]
[PlyCount "75"]
[EventDate "2024.09.16"]
[EventType "swiss"]
[EventCountry "GER"]
[SourceTitle "playchess.com"]
[Source "ChessBase"]
[SourceQuality "1"]
[TimeControl "40/5400+30:1800+30"]

1. e4 c6 2. Nc3 d5 3. Nf3 Bg4 4. h3 Bxf3 5. Qxf3 e6 6. d3 Nf6 7. Bd2 Bb4 8. a3 Bd6 9. g4 d4 10. Ne2 c5 11. g5 Nfd7 12. h4 Nc6 13. Qh3 Qc7 14. Bg2 e5 15. Rf1 O-O-O 16. f4 Kb8 17. O-O-O Nb6 18. Kb1 c4 19. dxc4 Nxc4 20. Qb3 Nxd2+ 21. Rxd2 exf4 22. Nxd4 Be5 23. Nxc6+ Qxc6 24. Rd5 f6 25. Rfd1 Rc8 26. Bh3 Rcf8 27. Bg4 Bc7 28. e5 Rd8 29. gxf6 gxf6 30. e6 Rxd5 31. Rxd5 Bb6 32. Bf3 Qc7 33. Rd7 Qc8 34. Rxb7+ Qxb7 35. Bxb7 Kxb7 36. Qd5+ Kb8 37. e7 Kc7 38. Qf7 1-0

[Event "27th OIBM 2024"]
[Site "Gmund am Tegernsee"]
[Date "2024.10.26"]
[Round "1.17"]
[White "Jahnz, Laurin"]
[Black "Dotzer, Lukas"]
[Result "1-0"]
[ECO "B51"]
[WhiteElo "2086"]
[BlackElo "2407"]
[Annotator "RC"]
[PlyCount "103"]
[EventDate "2024.09.16"]
[EventType "swiss"]
[EventCountry "GER"]
[SourceTitle "playchess.com"]
[Source "ChessBase"]
[SourceQuality "1"]
[TimeControl "40/5400+30:1800+30"]

1. e4 c5 2. Nf3 d6 3. Bb5+ Nd7 4. O-O a6 5. Bxd7+ Bxd7 6. Qe2 Nf6 7. Rd1 g6 8. c3 Bg7 9. d4 cxd4 10. cxd4 d5 11. e5 Ne4 12. Nfd2 Ng5 13. Nc3 Ne6 14. Nf1 Bc6 15. Ng3 O-O 16. f4 f5 17. Qd3 b5 18. a3 Qb6 19. Be3 Rfc8 20. b4 Bb7 21. a4 Rc4 22. axb5 axb5 23. Rxa8+ Bxa8 24. Na2 Qa6 25. Rd2 Nd8 26. Ne2 Nc6 27. Rb2 e6 28. Bd2 Bf8 29. Bc3 Qa4 30. Qd2 Be7 31. Kf2 Bd8 32. Nac1 Qa7 33. Ra2 Qb8 34. Nd3 Be7 35. Nb2 Kf7 36. Nxc4 bxc4 37. b5 Na7 38. Bb4 Bh4+ 39. g3 Bd8 40. Bd6 Qb7 41. Qb4 Bb6 42. Qa3 c3 43. Qxc3 Nxb5 44. Qb4 Qc6 45. Rb2 Nxd6 46. Qxd6 Ba5 47. Ra2 Qb5 48. Qc5 Be1+ 49. Kf1 Qb1 50. Ra7+ Bb7 51. Qc7+ Ke8 52. Qb8+ 1-0

[Event "27th OIBM 2024"]
[Site "Gmund am Tegernsee"]
[Date "2024.10.26"]
[Round "1.18"]
[White "Meins, Gerlef"]
[Black "Wunder, Niklas"]
[Result "1/2-1/2"]
[ECO "D23"]
[WhiteElo "2384"]
[BlackElo "2085"]
[Annotator "RC"]
[PlyCount "80"]
[EventDate "2024.09.16"]
[EventType "swiss"]
[EventCountry "GER"]
[SourceTitle "playchess.com"]
[Source "ChessBase"]
[SourceQuality "1"]
[TimeControl "40/5400+30:1800+30"]

1. d4 d5 2. c4 c6 3. Nf3 Nf6 4. Qc2 dxc4 5. Qxc4 Bf5 6. Nc3 e6 7. g3 Be7 8. Bg2 Nbd7 9. O-O O-O 10. Re1 Ne4 11. Qb3 Qb6 12. Nh4 Bxh4 13. gxh4 Ndf6 14. f3 Nxc3 15. bxc3 e5 16. Qxb6 axb6 17. e4 Be6 18. a4 Nd7 19. Ba3 Rfe8 20. Bd6 Ra5 21. dxe5 Nxe5 22. Bxe5 Rxe5 23. Reb1 b5 24. axb5 cxb5 25. Ra7 Rc5 26. Rxb7 Rxc3 27. R1xb5 g6 28. h5 Kg7 29. Kf2 Kh6 30. hxg6 hxg6 31. h4 f5 32. Rb8 Rxb8 33. Rxb8 fxe4 34. fxe4 Kh5 35. Re8 Bc4 36. Rc8 Kxh4 37. Bf1 Rc2+ 38. Ke3 Bb3 39. Rxc2 Bxc2 40. e5 Bf5 1/2-1/2

[Event "27th OIBM 2024"]
[Site "Gmund am Tegernsee"]
[Date "2024.10.26"]
[Round "1.19"]
[White "Frey, Michael"]
[Black "Morawietz, Dieter"]
[Result "1/2-1/2"]
[ECO "C02"]
[WhiteElo "2084"]
[BlackElo "2372"]
[Annotator "RC"]
[PlyCount "133"]
[EventDate "2024.09.16"]
[EventType "swiss"]
[EventCountry "GER"]
[SourceTitle "playchess.com"]
[Source "ChessBase"]
[SourceQuality "1"]
[TimeControl "40/5400+30:1800+30"]

1. e4 e6 2. d4 d5 3. e5 c5 4. c3 Nc6 5. Nf3 Qb6 6. Bd3 cxd4 7. cxd4 Bd7 8. O-O Nxd4 9. Nbd2 a6 10. Nxd4 Qxd4 11. Nf3 Qb4 12. a3 Qe7 13. Be3 Qd8 14. Rc1 Ne7 15. Ng5 h6 16. Nf3 Nc6 17. Re1 Be7 18. b4 Qb8 19. Bb6 O-O 20. Bb1 Rc8 21. Qd3 g6 22. h4 Be8 23. Rc3 Na7 24. h5 Nb5 25. Rcc1 Rc4 26. hxg6 fxg6 27. Rxc4 dxc4 28. Qxc4 Qc8 29. Qf4 Nc3 30. Qxh6 Nxb1 31. Rxb1 Qc6 32. Bc5 Bxc5 33. bxc5 Rd8 34. Ng5 Rd7 35. Qh4 Qc7 36. Ne4 Rg7 37. Nf6+ Kf7 38. Rb4 Bc6 39. Rf4 g5 40. Qh5+ Ke7 41. Qh6 Rf7 42. Ng8+ Kd8 43. Qxg5+ Kc8 44. Rxf7 Qxf7 45. Ne7+ Kd7 46. Ng6 Be4 47. Qd2+ Kc8 48. Nf4 Qf5 49. f3 Bc6 50. Qe3 a5 51. g4 Qc2 52. g5 Qf5 53. g6 Bb5 54. Qe4 Qg5+ 55. Ng2 Be8 56. Qg4 Qxg6 57. Qxg6 Bxg6 58. Kf2 Kc7 59. Ke3 Kc6 60. Kd4 Kb5 61. Ne3 Ka4 62. Nc4 Be8 63. f4 Bc6 64. Kc3 Kb5 65. Kd4 Ka4 66. Kc3 Kb5 67. Kd4 1/2-1/2

[Event "27th OIBM 2024"]
[Site "Gmund am Tegernsee"]
[Date "2024.10.26"]
[Round "1.20"]
[White "Colpe, Malte"]
[Black "Wenner, Tobias"]
[Result "1-0"]
[ECO "B07"]
[WhiteElo "2371"]
[BlackElo "2082"]
[Annotator "RC"]
[PlyCount "75"]
[EventDate "2024.09.16"]
[EventType "swiss"]
[EventCountry "GER"]
[SourceTitle "playchess.com"]
[Source "ChessBase"]
[SourceQuality "1"]
[TimeControl "40/5400+30:1800+30"]

1. d4 Nf6 2. Nf3 g6 3. g3 Bg7 4. Bg2 O-O 5. O-O d6 6. Re1 Nbd7 7. e4 e5 8. Nc3 c6 9. a4 a5 10. h3 Re8 11. Be3 b6 12. d5 c5 13. Nd2 Ba6 14. Bf1 Bxf1 15. Rxf1 Nb8 16. Nc4 Na6 17. Ra3 Rb8 18. Rb3 h6 19. Qe2 Nb4 20. Bc1 Qd7 21. Kg2 Bf8 22. Nb5 Kh7 23. Rf3 Nh5 24. c3 Na6 25. Ncxd6 Bxd6 26. Nxd6 Qxd6 27. Qxa6 Re7 28. Qe2 Ng7 29. Qd2 g5 30. h4 g4 31. Re3 f5 32. exf5 Nxf5 33. Re4 Rg8 34. Rfe1 Qf6 35. Qe2 Nd6 36. Rxg4 Rxg4 37. Qxg4 Rg7 38. Qe6 1-0

[Event "27th OIBM 2024"]
[Site "Gmund am Tegernsee"]
[Date "2024.10.26"]
[Round "1.21"]
[White "Krauseneck, Peter"]
[Black "Beikert, Guenther"]
[Result "1/2-1/2"]
[ECO "C30"]
[WhiteElo "2080"]
[BlackElo "2365"]
[Annotator "RC"]
[PlyCount "62"]
[EventDate "2024.09.16"]
[EventType "swiss"]
[EventCountry "GER"]
[SourceTitle "playchess.com"]
[Source "ChessBase"]
[SourceQuality "1"]
[TimeControl "40/5400+30:1800+30"]

1. e4 e5 2. f4 Bc5 3. Nf3 d6 4. Bc4 Nf6 5. d3 Nc6 6. c3 Bb6 7. fxe5 Nxe5 8. Nxe5 dxe5 9. Bg5 h6 10. Bxf6 Qxf6 11. Qf3 Qxf3 12. gxf3 f5 13. h4 Rf8 14. Nd2 fxe4 15. dxe4 Ke7 16. Ke2 Rf6 17. Nf1 Be6 18. Ne3 Bxe3 19. Bxe6 Bf4 20. Bg4 Rb6 21. b3 Rc6 22. c4 b5 23. cxb5 Rc2+ 24. Kd3 Rd2+ 25. Kc4 Rad8 26. Kb4 Be3 27. Rac1 Bb6 28. a4 R8d4+ 29. Rc4 Kd6 30. Rhc1 Rxc4+ 31. Rxc4 Rd4 1/2-1/2

[Event "27th OIBM 2024"]
[Site "Gmund am Tegernsee"]
[Date "2024.10.26"]
[Round "1.22"]
[White "Schramm, Christian"]
[Black "Tscharotschkin, Michael"]
[Result "1-0"]
[ECO "C01"]
[WhiteElo "2361"]
[BlackElo "2079"]
[Annotator "RC"]
[PlyCount "69"]
[EventDate "2024.09.16"]
[EventType "swiss"]
[EventCountry "GER"]
[SourceTitle "playchess.com"]
[Source "ChessBase"]
[SourceQuality "1"]
[TimeControl "40/5400+30:1800+30"]

1. e4 e6 2. d4 d5 3. Nc3 Bb4 4. exd5 exd5 5. Bd3 c6 6. Qf3 Qf6 7. Bf4 Bd6 8. Nge2 Bxf4 9. Nxf4 Ne7 10. O-O-O O-O 11. Rde1 Ng6 12. Nce2 Nd7 13. c3 Re8 14. h4 Ndf8 15. Qg3 Nxf4 16. Nxf4 Bf5 17. Qg5 Qxg5 18. hxg5 Bxd3 19. Nxd3 Nd7 20. Ne5 Nxe5 21. Rxe5 Rxe5 22. dxe5 Re8 23. f4 Re6 24. Kd2 Rg6 25. Ke3 h6 26. Kd4 hxg5 27. f5 Rh6 28. Rxh6 gxh6 29. Kc5 Kf8 30. Kd6 Ke8 31. g4 a5 32. b3 b5 33. Kxc6 b4 34. cxb4 d4 35. bxa5 1-0

[Event "27th OIBM 2024"]
[Site "Gmund am Tegernsee"]
[Date "2024.10.26"]
[Round "1.23"]
[White "Spence, Isaac"]
[Black "Frischmann, Rick"]
[Result "1/2-1/2"]
[ECO "B03"]
[WhiteElo "2077"]
[BlackElo "2355"]
[Annotator "RC"]
[PlyCount "56"]
[EventDate "2024.09.16"]
[EventType "swiss"]
[EventCountry "GER"]
[SourceTitle "playchess.com"]
[Source "ChessBase"]
[SourceQuality "1"]
[TimeControl "40/5400+30:1800+30"]

1. e4 Nf6 2. e5 Nd5 3. c4 Nb6 4. d4 d6 5. f4 dxe5 6. fxe5 Bf5 7. Nc3 e6 8. Nf3 Bb4 9. Be2 c5 10. Bg5 Qd7 11. O-O cxd4 12. Nxd4 Bg6 13. Ncb5 O-O 14. a3 Be7 15. Qd2 Nc6 16. Bxe7 Qxe7 17. Nxc6 bxc6 18. Nd6 Nd7 19. Qf4 c5 20. Rad1 f6 21. exf6 gxf6 22. Qe3 f5 23. Bf3 f4 24. Qe2 Rad8 25. Bg4 Rf6 26. Ne4 Rff8 27. Nd6 Rf6 28. Ne4 Rff8 1/2-1/2

[Event "27th OIBM 2024"]
[Site "Gmund am Tegernsee"]
[Date "2024.10.26"]
[Round "1.24"]
[White "Womacka, Mathias"]
[Black "Einwiller, Bernd"]
[Result "1-0"]
[ECO "B32"]
[WhiteElo "2345"]
[BlackElo "2076"]
[Annotator "RC"]
[PlyCount "101"]
[EventDate "2024.09.16"]
[EventType "swiss"]
[EventCountry "GER"]
[SourceTitle "playchess.com"]
[Source "ChessBase"]
[SourceQuality "1"]
[TimeControl "40/5400+30:1800+30"]

1. e4 c5 2. Nf3 Nc6 3. d4 cxd4 4. Nxd4 e5 5. Nb5 d6 6. N1c3 a6 7. Na3 Be7 8. Nc4 Nf6 9. Be3 b5 10. Nb6 Rb8 11. Nxc8 Rxc8 12. a4 b4 13. Nd5 Nxd5 14. Qxd5 Nb8 15. Bc4 O-O 16. a5 Qc7 17. b3 Qc6 18. O-O Qxd5 19. exd5 Bf6 20. Ra4 e4 21. Rxb4 Be5 22. Rb7 f5 23. g3 h6 24. f3 g5 25. fxe4 f4 26. gxf4 gxf4 27. Ba7 Bc3 28. Rxb8 Rxb8 29. Bxb8 Rxb8 30. Rxf4 Kg7 31. Rf3 Bxa5 32. Bxa6 Ra8 33. Bb5 Bb6+ 34. Kg2 Bd4 35. Ba4 Rc8 36. Bc6 Rc7 37. c3 Bb6 38. Rf5 Rf7 39. Rxf7+ Kxf7 40. e5 dxe5 41. Kf3 Ke7 42. Ke4 Kd6 43. b4 Bf2 44. c4 Be1 45. c5+ Kc7 46. b5 Bf2 47. d6+ Kd8 48. Kd5 e4 49. b6 Kc8 50. d7+ Kd8 51. b7 1-0

[Event "27th OIBM 2024"]
[Site "Gmund am Tegernsee"]
[Date "2024.10.26"]
[Round "1.25"]
[White "Scheckenbach, Franz"]
[Black "Dolzhykova, Kateryna"]
[Result "0-1"]
[ECO "C02"]
[WhiteElo "2076"]
[BlackElo "2345"]
[Annotator "RC"]
[PlyCount "76"]
[EventDate "2024.09.16"]
[EventType "swiss"]
[EventCountry "GER"]
[SourceTitle "playchess.com"]
[Source "ChessBase"]
[SourceQuality "1"]
[TimeControl "40/5400+30:1800+30"]

1. e4 e6 2. d4 d5 3. e5 c5 4. c3 Nc6 5. Nf3 Nh6 6. Bd3 Nf5 7. O-O h6 8. Be3 cxd4 9. cxd4 g5 10. g4 Nxe3 11. fxe3 Bd7 12. Nc3 Qb6 13. a3 Be7 14. b4 h5 15. h3 hxg4 16. hxg4 a6 17. Qe2 Na7 18. Kg2 O-O-O 19. Qc2 Kb8 20. Na4 Bxa4 21. Qxa4 f5 22. exf6 Bxf6 23. Rh1 Qd6 24. Qc2 e5 25. dxe5 Bxe5 26. Rad1 Rxh1 27. Rxh1 d4 28. exd4 Bxd4 29. Bf5 Bb6 30. Qb2 Nb5 31. Rh3 Qd1 32. Rh1 Qd5 33. Rh8 Rxh8 34. Qxh8+ Ka7 35. Qe8 Qa2+ 36. Kh1 Qf2 37. Be4 Qf1+ 38. Kh2 Bc7+ 0-1